 Dungeon Crawl Stone Soup version 0.29.1-1-gd02db6906a (webtiles) character file.

Game seed: 7513385419230376203

32 mtoz the Gusty (level 3, -4/28 HPs)
             Began as a Gnoll Wanderer on Sept 16, 2022.
             Slain by Natasha (6 damage)
             ... on level 2 of the Dungeon.
             The game lasted 00:04:35 (1254 turns).

mtoz the Gusty (Gnoll Wanderer)                     Turns: 1254, Time: 00:04:35

Health: -4/28      AC:  2    Str: 12    XL:     3   Next: 27%
Magic:  9/9        EV: 11    Int: 13    God:
Gold:   59         SH:  0    Dex: 10    Spells: 11/12 levels left

rFire   . . .      SeeInvis .   a - +0 hand axe
rCold   . . .      Faith    .   (no shield)
rNeg    . . .      Spirit   .   d - +0 robe
rPois   .          Reflect  .   (no helmet)
rElec   .          Harm     .   (no cloak)
rCorr   .          Rampage  .   (no gloves)
Will    .....                   (no boots)
Stlth   ++........              (no amulet)
HPRegen 0.09/turn               (no ring)
MPRegen 0.11/turn               (no ring)

@: slowed, very slow
A: fangs 1, strong nose, distributed training
a: no special abilities


You were on level 2 of the Dungeon.
You visited 1 branch of the dungeon, and saw 2 of its levels.

You collected 59 gold pieces.

Inventory:

Hand Weapons
 a - a +0 hand axe (weapon)
 i - a +0 broad axe
 l - a +2 short sword of venom
Missiles
 k - 2 javelins
 n - 5 curare-tipped darts
 o - 3 stones
Armour
 d - a +0 robe (worn)
 g - a +0 ring mail
Scrolls
 f - 2 scrolls of teleportation {unknown}
 h - 2 scrolls of fog {unknown}
 j - a scroll of blinking {unknown}
Potions
 c - a potion of haste
 e - a potion of curing {unknown}
 m - a potion of might {unknown}
Miscellaneous
 b - a piece from Xom's chessboard (15/15)


   Skills:
 + Level 2.6 Fighting
 + Level 0.7 Short Blades
 + Level 0.7 Long Blades
 + Level 2.6 Axes
 + Level 0.7 Maces & Flails
 + Level 0.7 Polearms
 + Level 0.7 Staves
 + Level 0.7 Ranged Weapons
 + Level 0.7 Throwing
 + Level 0.7 Armour
 + Level 0.7 Dodging
 + Level 2.3 Stealth
 + Level 0.7 Shields
 + Level 0.7 Unarmed Combat
 + Level 5.0 Spellcasting
 + Level 0.5 Conjurations
 + Level 0.5 Hexes
 + Level 0.5 Summonings
 + Level 0.5 Necromancy
 + Level 0.5 Translocations
 + Level 0.5 Transmutations
 + Level 0.5 Fire Magic
 + Level 0.5 Ice Magic
 + Level 5.4 Air Magic
 + Level 0.5 Earth Magic
 + Level 0.5 Poison Magic
 + Level 2.6 Invocations
 + Level 2.6 Evocations


You had 11 spell levels left.
You knew the following spells:

 Your Spells              Type           Power      Damage    Failure   Level
a - Shock                 Conj/Air       40%        1d5       5%          1

Your spell library contained the following spells:

 Spells                   Type           Power      Damage    Failure   Level
 Mephitic Cloud           Conj/Pois/Air  8%         N/A       24%         3
 Corpse Rot               Necr/Pois/Air  8%         N/A       61%         4


Dungeon Overview and Level Annotations

Branches:
Dungeon (2/15)

Altars:

Annotations:
D:1 2 transporters
D:2 Natasha


Innate Abilities, Weirdness & Mutations

You have very sharp teeth.
Your uncanny sense of smell can sniff out nearby items.
Your experience applies equally to all skills.


Message History

Natasha claws you.
You barely miss Natasha.
Natasha is heavily wounded.
Natasha closely misses you.
You hit Natasha but do no damage.
Natasha is heavily wounded.
Natasha zaps a wand.
You resist with significant effort. Natasha casts a spell at you.
You feel yourself slow down.
You barely miss Natasha. Your bite misses Natasha.
Natasha is heavily wounded.
Natasha zaps a wand.
You resist with significant effort.
You closely miss Natasha. You bite Natasha, but do no damage.
Natasha is heavily wounded.
Natasha zaps a wand.
You resist with significant effort. Natasha barely misses you.
You barely miss Natasha.
Natasha is heavily wounded.
Natasha claws you. Natasha claws you!
* * * LOW HITPOINT WARNING * * *
You barely miss Natasha.
Natasha is heavily wounded.
Natasha casts a spell.
Natasha claws you but does no damage.
You barely miss Natasha. Your bite misses Natasha.
Natasha is heavily wounded.
Natasha zaps a wand.
You resist with significant effort.
Natasha casts a spell.
Natasha wildly gestures.
You feel disoriented. Natasha barely misses you.
Natasha wildly gestures.
Natasha's front paws start to glow.
Natasha claws you!
* * * LOW HITPOINT WARNING * * *
Natasha attacks as you move away! Natasha barely misses you.
The iron imp picks up a beetle and eats it.
There is a stone staircase leading up here.
Natasha claws you.
You die...

### #.# #.. #.# #
#.#.# # #.#.#
#.#.#####@..#
#.......h.###.#
###.##.5.........
#5######.#.# #.#
... #... ##...
#..#


You could see an iron imp (summoned), Natasha and a shadow imp (summoned).

Vanquished Creatures
  6 ball pythons (D:1)
  3 endoplasms (D:1)
  A goblin (D:1)
  2 hobgoblins (D:1)
  4 jackals (D:1)
  3 quokkas (D:1)
  4 bats (D:1)
  A frilled lizard (D:1)
  6 rats (D:1)
30 creatures vanquished.

Notes
Turn   | Place    | Note
-------+----------+-------------------------------------------
     0 | D:1      | mtoz the Gnoll Wanderer began the quest for the Orb.
     0 | D:1      | mtoz set off with the following items: a +0 hand axe, a
                  | piece from Xom's chessboard (15/15), a potion of haste, a
                  | +0 robe; and the following spell memorised: Shock; and the
                  | following spells available to memorise: Mephitic Cloud,
                  | Corpse Rot.
     0 | D:1      | Reached XP level 1. HP: 17/17 MP: 6/6
   139 | D:1      | Reached XP level 2. HP: 13/23 MP: 4/7
   654 | D:1      | Found a faded altar of an unknown god.
   705 | D:1      | Noticed a golden eye
   710 | D:1      | Noticed a shining eye
   714 | D:1      | Noticed an eye of devastation
   720 | D:1      | Noticed an eye of devastation
   742 | D:1      | Reached skill level 5 in Spellcasting
   742 | D:1      | Reached XP level 3. HP: 28/28 MP: 5/9
  1238 | D:2      | Noticed Natasha
  1252 | D:2      | HP: 1/28 [Natasha (7)]
  1254 | D:2      | Slain by Natasha

Illustrated notes

Levels and vault maps discovered:
D:1:      spicycebolla_arrival_transporter_tutorial, layout_rooms,
          hellmonk_ecumenical_altar_watching_god
D:2:      layout_basic, basic_altar, uniq_natasha

Skill      XL: |  1  2 |
---------------+-------+-----
Spellcasting   | 5 |  5.0
Fighting       | |  2.6
Short Blades   | |  0.7
Long Blades    | |  0.7
Axes           | |  2.6
Maces & Flails | |  0.7
Polearms       | |  0.7
Staves         | |  0.7
Ranged Weapons | |  0.7
Throwing       | |  0.7
Armour         | |  0.7
Dodging        | |  0.7
Stealth        | |  2.3
Shields        | |  0.7
Unarmed Combat | |  0.7
Conjurations   | |  0.5
Hexes          | |  0.5
Summonings     | |  0.5
Necromancy     | |  0.5
Translocations | |  0.5
Transmutations | |  0.5
Fire Magic     | |  0.5
Ice Magic      | |  0.5
Air Magic      | |  5.4
Earth Magic    | |  0.5
Poison Magic   | |  0.5
Invocations    | |  2.6
Evocations     | |  2.6

Action                   || total
-------------------------++-------
Melee: Hand axe          ||    42
       Bite              ||     1
 Cast: Shock             ||    50
Armor: Robe              ||     7
Dodge: Dodged            ||    21
